Blackdemons vs Thunder

Created - January 2, 2019 at 19:29

Goals
1 2 3 T
Blackdemons 0 1 0 1
Thunder 2 1 0 3
Shots
1 2 3 T
Blackdemons 12 9 14 35
Thunder 7 8 5 20

1st period

1. Thunder , Dany Roussin 11 (Jamie McGinn 4, Zach Redmond 14) at 14:29
2. Thunder , Ryan Nugent-Hopkins 11 (Scott Parse 34) at 14:35

Penalties :
Martin Hanzal (MJM) for Hooking (Minor) at 14:46

2nd period

3. Thunder , Trevor Lewis 10 (Dany Roussin 13) at 4:51
4. Blackdemons , Scott Timmins 9 (Jeffrey Foss 11) at 11:33

Penalties :
Zachary Sanford (MJM) for Slashing (Minor) at 13:50, Austin Wuthrich (TRO) for Holding (Minor) at 19:16

3rd period

No Goal

Penalties :
Keaton Ellerby (MJM) for Holding (Minor) at 12:41, Robbie Russo (MJM) for Hooking (Minor) at 15:46

Goalie Stats

Matt Hackett (MJM), 17 saves from 20 shots - (0.850), L, 16-4-0, 60:00 minutes
Devan Dubnyk (TRO), 34 saves from 35 shots - (0.971), W, 11-10-1, 60:00 minutes

Players Stats for Blackdemons

Player Name              G  A  P  +/- PIM S  H  SB GA TA FO     MP     PP MP  PK MP  
------------------------------------------------------------------------------------
Alexandre Grenier        0  0  0  -1  0   3  0  0  0  0  1/2    16:12   0:00   0:00 
Alexei Morozov           0  0  0  -1  0   3  2  0  1  1  1/1    15:14   1:01   0:10 
Blake Pietila            0  0  0  -1  0   3  1  0  0  1  0/2    18:20   0:58   0:17 
Brett Kulak              0  0  0  -1  0   2  1  1  0  0  0/0    11:47   0:00   0:00 
Charles-Olivier Roussel  0  0  0   0  0   1  0  0  0  0  0/0     7:58   0:00   4:11 
Hudson Fasching          0  0  0  -1  0   1  1  0  0  0  0/0    10:29   0:58   0:00 
Jeffrey Foss             0  1  1   0  0   0  1  0  0  0  0/0    20:00   1:11   3:45 
Keaton Ellerby           0  0  0  -1  2   0  4  1  2  0  0/0    23:48   0:48   2:56 
Kyle Rau                 0  0  0  -1  0   1  1  0  0  0  4/5    13:36   0:00   3:54 
Ladislav Nagy            0  0  0  -1  0   2  0  0  1  0  1/1    13:24   0:00   3:45 
Martin Hanzal            0  0  0  -1  2   3  5  0  1  0  9/25   17:17   0:58   0:00 
Max Friberg              0  0  0   1  0   1  2  1  0  0  0/0    10:13   0:00   0:00 
Patrice Cormier          0  0  0  -1  0   4  0  0  2  1  14/21  18:20   1:01   3:46 
Robbie Russo             0  0  0  -1  2   0  0  0  0  1  0/0    11:57   0:00   0:00 
Roman Josi               0  0  0  -1  0   2  0  1  1  1  0/0    20:55   0:48   0:40 
Scott Timmins            1  0  1   1  0   5  0  0  0  0  3/4     9:49   0:00   0:00 
Sergei Plotnikov         0  0  0   1  0   3  1  0  0  0  0/0    13:31   0:00   3:54 
Tommy Vannelli           0  0  0   0  0   0  0  0  0  1  0/0     4:11   0:00   0:35 
Yannick Weber            0  0  0   0  0   0  0  1  1  0  0/0    20:00   1:11   3:45 
Zachary Sanford          0  0  0  -1  2   1  1  1  0  0  0/0    14:59   1:01   0:06 

Players Stats for Thunder

Player Name              G  A  P  +/- PIM S  H  SB GA TA FO     MP     PP MP  PK MP  
------------------------------------------------------------------------------------
Adam Clendening          0  0  0   0  0   0  0  1  0  0  0/0    12:06   0:00   0:00 
Austin Wuthrich          0  0  0   1  2   0  2  3  0  0  0/0    19:23   3:38   0:00 
Dany Roussin             1  1  2   2  0   3  2  0  0  0  0/0    22:23   3:39   1:21 
David Wolf               0  0  0   0  0   2  2  0  0  0  0/1    12:53   0:05   0:23 
Gianluca Curcuruto       0  0  0  -1  0   0  0  0  0  0  0/0     4:17   0:00   0:00 
Jake Muzzin              0  0  0   2  0   1  1  0  0  0  0/0    18:42   2:38   0:10 
Jamie McGinn             0  1  1   1  0   1  0  1  0  0  0/0     9:11   0:00   0:23 
Joe Labate               0  0  0   0  0   2  1  0  0  0  4/7     9:52   0:00   0:00 
Mikko Vainonen           0  0  0   0  0   0  0  0  0  2  0/0    12:41   0:00   0:00 
Morgan Rielly            0  0  0   1  0   1  2  2  0  2  0/0    25:30   5:18   1:49 
Nikolay Prokhorkin       0  0  0   0  0   0  0  0  0  0  1/2     9:20   0:25   0:00 
Peter Andersson          0  0  0   2  0   1  0  1  0  0  0/0    18:42   2:38   0:10 
Ryan Nugent-Hopkins      1  0  1   0  0   4  3  1  0  0  15/26  20:18   4:12   0:15 
Scott Parse              0  1  1   0  0   0  0  0  3  1  1/4    26:27   3:57   1:21 
Thomas Spelling          0  0  0   0  0   2  1  0  0  1  0/1    20:42   4:09   0:00 
Trevor Lewis             1  0  1   1  0   3  0  1  2  0  7/19   19:46   3:39   0:15 
Zach Redmond             0  1  1   0  0   0  3  5  1  3  0/0    28:02   5:18   1:49 
Zach Stepan              0  0  0   1  0   0  0  1  0  0  0/1     7:45   0:04   0:00 

3 Stars

1 - Devan Dubnyk (TRO)
2 - Dany Roussin (TRO)
3 - Ryan Nugent-Hopkins (TRO)

Power Play

Blackdemons - 0 on 1 Attempt(s) - 0.00%
Thunder - 0 on 4 Attempt(s) - 0.00%

Penalty Kill

Blackdemons - 4 on 4 Attempt(s) - 100.00% - Score 0 goal in Penalty Kill
Thunder - 1 on 1 Attempt(s) - 100.00% - Score 0 goal in Penalty Kill

Team Stat

Blackdemons - Hits : 20 - Faceoff Wins : 33 - Blocked Shots : 6 - Penalty Minutes : 8
Thunder - Hits : 17 - Faceoff Wins : 28 - Blocked Shots : 16 - Penalty Minutes : 2

Official

Referees : Unknown
Linesman : Unknown

Game Notes

No Game Note

Finance

Level 1 -- Attendance: 1511 (75.55%) -- Ticket Income $60,440
Level 2 -- Attendance: 778 (77.80%) -- Ticket Income $15,560
Total Attendance: 2289 (76.30%)
Total Ticket Income: $76,000
Other Income: $3,800
Total Income: $79,800

Blackdemons

5 vs 5 Forward 
   Center                   Left Wing                Right Wing               Time % Phy DF OF 
 1 Martin Hanzal            Blake Pietila            Alexandre Grenier        37     0   1  4  
 2 Patrice Cormier          Zachary Sanford          Alexei Morozov           31     0   1  4  
 3 Kyle Rau                 Ladislav Nagy            Hudson Fasching          21     0   1  4  
 4 Scott Timmins            Sergei Plotnikov         Max Friberg              11     0   2  3  

5 vs 5 Defense 
   Defense                  Defense                                           Time % Phy DF OF 
 1 Keaton Ellerby           Roman Josi                                        40     0   4  1  
 2 Jeffrey Foss             Yannick Weber                                     30     0   4  1  
 3 Brett Kulak              Robbie Russo                                      22     0   5  0  
 4 Charles-Olivier Roussel  Tommy Vannelli                                    8      0   5  0  

PowerPlay Forward 
   Center                   Left Wing                Right Wing               Time % Phy DF OF 
 1 Patrice Cormier          Zachary Sanford          Alexei Morozov           50     0   0  5  
 2 Martin Hanzal            Blake Pietila            Hudson Fasching          50     0   0  5  

PowerPlay Defense
   Defense                  Defense                                           Time % Phy DF OF 
 1 Jeffrey Foss             Yannick Weber                                     50     0   1  4  
 2 Keaton Ellerby           Roman Josi                                        50     0   1  4  

Penalty Kill 4 Players Forward 
   Center                   Wing                     Time % Phy DF OF 
 1 Patrice Cormier          Ladislav Nagy            50     0   5  0  
 2 Kyle Rau                 Sergei Plotnikov         50     0   5  0  

Penalty Kill 4 Players Defense
   Defense                  Defense                  Time % Phy DF OF 
 1 Yannick Weber            Jeffrey Foss             50     0   5  0  
 2 Charles-Olivier Roussel  Keaton Ellerby           50     0   5  0  

Penalty Kill - 3 Players Forward 
   Forward                                           Time % Phy DF OF 
 1 Alexei Morozov                                    60     0   5  0  
 2 Martin Hanzal                                     40     0   5  0  

Penalty Kill - 3 Players Defense
   Defense                  Defense                  Time % Phy DF OF 
 1 Yannick Weber            Roman Josi               60     0   5  0  
 2 Jeffrey Foss             Keaton Ellerby           40     0   5  0  

4 vs 4 Forward 
   Center                   Wing                     Time % Phy DF OF 
 1 Alexei Morozov           Martin Hanzal            50     1   2  2  
 2 Ladislav Nagy            Patrice Cormier          50     1   2  2  

4 vs 4 Defense
   Defense                  Defense                  Time % Phy DF OF 
 1 Keaton Ellerby           Roman Josi               50     1   2  2  
 2 Yannick Weber            Jeffrey Foss             50     1   2  2  

Last Minutes Offensive
   Center                   Left Wing                Right Wing               Defense                  Defense                  
   Martin Hanzal            Ladislav Nagy            Alexei Morozov           Roman Josi               Keaton Ellerby           

Last Minutes Defensive
   Center                   Left Wing                Right Wing               Defense                  Defense                  
   Martin Hanzal            Ladislav Nagy            Alexei Morozov           Roman Josi               Keaton Ellerby           

Goaltenders
Starting : Matt Hackett             
Backup : Laurent Brossoit         

Extra Forwards
Normal : Max Friberg, Scott Timmins, Blake Pietila - PP : Max Friberg, Scott Timmins - PK : Blake Pietila
Extra Defensemen
Normal : Yannick Weber, Roman Josi, Jeffrey Foss - PP : Yannick Weber - PK : Roman Josi, Jeffrey Foss
Penalty Shots
Alexei Morozov, Martin Hanzal, Ladislav Nagy, Sergei Plotnikov, Zachary Sanford

Scratches
Colin Smith (Healthy), Klas Dahlbeck (Healthy), Remi Elie (Healthy), Jyrki Jokipakka (Healthy), Mackenzie MacEachern (Healthy)
Ben Maxwell (Healthy), Nicolas Deschamps (Healthy), Angelo Esposito (Healthy), Jacob Lagacé (Healthy), James Livingstone (Healthy)
Ebbe Siönäs (Healthy), Sami Aittokallio (Healthy), Jeremy Smith (Healthy)

Thunder

5 vs 5 Forward 
   Center                   Left Wing                Right Wing               Time % Phy DF OF 
 1 Ryan Nugent-Hopkins      Scott Parse              Thomas Spelling          40     1   2  2  
 2 Trevor Lewis             Dany Roussin             Austin Wuthrich          30     1   2  2  
 3 Joe Labate               David Wolf               Scott Parse              20     1   2  2  
 4 Zach Stepan              Jamie McGinn             Dany Roussin             10     1   2  2  

5 vs 5 Defense 
   Defense                  Defense                                           Time % Phy DF OF 
 1 Zach Redmond             Morgan Rielly                                     40     1   2  2  
 2 Jake Muzzin              Peter Andersson                                   30     1   2  2  
 3 Adam Clendening          Mikko Vainonen                                    20     1   2  2  
 4 Gianluca Curcuruto       Zach Redmond                                      10     1   2  2  

PowerPlay Forward 
   Center                   Left Wing                Right Wing               Time % Phy DF OF 
 1 Ryan Nugent-Hopkins      Scott Parse              Thomas Spelling          60     1   2  2  
 2 Trevor Lewis             Dany Roussin             Austin Wuthrich          40     1   2  2  

PowerPlay Defense
   Defense                  Defense                                           Time % Phy DF OF 
 1 Zach Redmond             Morgan Rielly                                     60     1   2  2  
 2 Jake Muzzin              Peter Andersson                                   40     1   2  2  

Penalty Kill 4 Players Forward 
   Center                   Wing                     Time % Phy DF OF 
 1 Scott Parse              Dany Roussin             60     1   2  2  
 2 Ryan Nugent-Hopkins      Trevor Lewis             40     1   2  2  

Penalty Kill 4 Players Defense
   Defense                  Defense                  Time % Phy DF OF 
 1 Zach Redmond             Morgan Rielly            60     1   2  2  
 2 Jake Muzzin              Peter Andersson          40     1   2  2  

Penalty Kill - 3 Players Forward 
   Forward                                           Time % Phy DF OF 
 1 Scott Parse                                       60     1   2  2  
 2 Dany Roussin                                      40     1   2  2  

Penalty Kill - 3 Players Defense
   Defense                  Defense                  Time % Phy DF OF 
 1 Zach Redmond             Morgan Rielly            60     1   2  2  
 2 Jake Muzzin              Peter Andersson          40     1   2  2  

4 vs 4 Forward 
   Center                   Wing                     Time % Phy DF OF 
 1 Scott Parse              Dany Roussin             60     1   2  2  
 2 Ryan Nugent-Hopkins      Trevor Lewis             40     1   2  2  

4 vs 4 Defense
   Defense                  Defense                  Time % Phy DF OF 
 1 Zach Redmond             Morgan Rielly            60     1   2  2  
 2 Jake Muzzin              Peter Andersson          40     1   2  2  

Last Minutes Offensive
   Center                   Left Wing                Right Wing               Defense                  Defense                  
   Ryan Nugent-Hopkins      Scott Parse              Thomas Spelling          Zach Redmond             Morgan Rielly            

Last Minutes Defensive
   Center                   Left Wing                Right Wing               Defense                  Defense                  
   Ryan Nugent-Hopkins      Scott Parse              Thomas Spelling          Zach Redmond             Morgan Rielly            

Goaltenders
Starting : Devan Dubnyk             
Backup : Niklas Treutle           

Extra Forwards
Normal : Nikolay Prokhorkin, David Wolf, Jamie McGinn - PP : Nikolay Prokhorkin, David Wolf - PK : Jamie McGinn
Extra Defensemen
Normal : Adam Clendening, Mikko Vainonen, Gianluca Curcuruto - PP : Adam Clendening - PK : Mikko Vainonen, Gianluca Curcuruto
Penalty Shots
Scott Parse, Dany Roussin, Ryan Nugent-Hopkins, Trevor Lewis, David Wolf

Scratches
Duncan Siemens (Healthy), Jared Staal (Healthy)

% Time on Ice - Blackdemons

Lines # - Real PCT - Wanted PCT - Time Play
Normal Forward
1 - 34% - 37% - 17:07
2 - 28% - 31% - 14:01
3 - 19% - 21% - 9:31
4 - 19% - 11% - 9:26
Normal Defense
1 - 40% - 40% - 19:59
2 - 29% - 30% - 14:43
3 - 24% - 22% - 11:47
4 - 7% - 8% - 3:36
PP Forward
1 - 51% - 50% - 1:01
2 - 49% - 50% - 0:58
PP Defense
1 - 60% - 50% - 1:11
2 - 40% - 50% - 0:48
PK Forward
1 - 49% - 50% - 3:52
2 - 51% - 50% - 4:04
PK Defense
1 - 47% - 50% - 3:45
2 - 53% - 50% - 4:11
PK3 Forward
1 - 0% - 60%
2 - 0% - 40%
PK3 Defense
1 - 0% - 60%
2 - 0% - 40%
44 Forward
1 - 0% - 50%
2 - 0% - 50%
44 Defense
1 - 0% - 50%
2 - 0% - 50%
Last Minute Offensive  - 0:00
Last Minute Defensive  - 0:00
Total
Forward - 60:00
Defense - 60:00

% Time on Ice - Thunder

Lines # - Real PCT - Wanted PCT - Time Play
Normal Forward
1 - 32% - 40% - 16:05
2 - 34% - 30% - 16:52
3 - 20% - 20% - 9:52
4 - 15% - 10% - 7:16
Normal Defense
1 - 37% - 40% - 18:23
2 - 32% - 30% - 15:54
3 - 25% - 20% - 12:41
4 - 6% - 10% - 3:07
PP Forward
1 - 54% - 60% - 4:17
2 - 46% - 40% - 3:39
PP Defense
1 - 67% - 60% - 5:18
2 - 33% - 40% - 2:38
PK Forward
1 - 87% - 60% - 1:44
2 - 13% - 40% - 0:15
PK Defense
1 - 92% - 60% - 1:49
2 - 8% - 40% - 0:10
PK3 Forward
1 - 0% - 60%
2 - 0% - 40%
PK3 Defense
1 - 0% - 60%
2 - 0% - 40%
44 Forward
1 - 0% - 60%
2 - 0% - 40%
44 Defense
1 - 0% - 60%
2 - 0% - 40%
Last Minute Offensive  - 0:00
Last Minute Defensive  - 0:00
Total
Forward - 60:00
Defense - 60:00

Play-by-Play

1st period


0:01 of 1st period - Ryan Nugent-Hopkins wins face-off versus Martin Hanzal in neutral zone.
0:31 of 1st period - Slapshot by Ryan Nugent-Hopkins.
0:31 of 1st period - Stopped by Matt Hackett with a rebound.
0:57 of 1st period - Wrist shot by Scott Parse.
0:57 of 1st period - Deflect By Thomas Spelling.
0:57 of 1st period - Shot Blocked by Keaton Ellerby.
0:57 of 1st period - Puck is out of play.
0:58 of 1st period - Trevor Lewis wins face-off versus Patrice Cormier in Blackdemons zone.
1:23 of 1st period - Kyle Rau is hit by Jake Muzzin and loses puck.
2:56 of 1st period - Snap shot by Blake Pietila.
2:56 of 1st period - Stopped by Devan Dubnyk with a rebound.
3:12 of 1st period - Peter Andersson is hit by Jeffrey Foss and loses puck.
4:11 of 1st period - Snap shot by Alexei Morozov.
4:11 of 1st period - Stopped by Devan Dubnyk without a rebound.
4:12 of 1st period - Patrice Cormier wins face-off versus David Wolf in Thunder zone.
4:17 of 1st period - Backhand shot by Patrice Cormier.
4:17 of 1st period - Stopped by Devan Dubnyk with a rebound.
4:38 of 1st period - Slapshot by Martin Hanzal.
4:38 of 1st period - Stopped by Devan Dubnyk with a rebound.
5:39 of 1st period - Off-side.
5:40 of 1st period - Joe Labate wins face-off versus Martin Hanzal in neutral zone.
5:43 of 1st period - Wrist shot by David Wolf.
5:43 of 1st period - Stopped by Matt Hackett without a rebound.
5:44 of 1st period - Joe Labate wins face-off versus Martin Hanzal in Blackdemons zone.
5:51 of 1st period - Wrist shot by David Wolf.
5:51 of 1st period - Stopped by Matt Hackett without a rebound.
5:52 of 1st period - Ryan Nugent-Hopkins wins face-off versus Martin Hanzal in Blackdemons zone.
5:59 of 1st period - Zach Redmond is hit by Keaton Ellerby and loses puck.
6:04 of 1st period - Wrist shot by Alexandre Grenier.
6:04 of 1st period - Shot Blocked by Zach Redmond.
6:26 of 1st period - Wrist shot by Ladislav Nagy.
6:26 of 1st period - Stopped by Devan Dubnyk with a rebound.
6:40 of 1st period - Ryan Nugent-Hopkins is hit by Max Friberg and loses puck.
6:47 of 1st period - Wrist shot by Max Friberg.
6:47 of 1st period - Shot Misses the Net.
6:49 of 1st period - Backhand shot by Scott Timmins.
6:49 of 1st period - Shot Blocked by Ryan Nugent-Hopkins.
6:51 of 1st period - Slapshot by Charles-Olivier Roussel.
6:51 of 1st period - Deflect By Sergei Plotnikov.
6:51 of 1st period - Stopped by Devan Dubnyk with a rebound.
6:53 of 1st period - Snap shot by Charles-Olivier Roussel.
6:53 of 1st period - Stopped by Devan Dubnyk with a rebound.
7:14 of 1st period - Zachary Sanford is hit by Austin Wuthrich and loses puck.
7:25 of 1st period - Snap shot by Dany Roussin.
7:25 of 1st period - Shot Misses the Net.
7:27 of 1st period - Slapshot by Peter Andersson.
7:27 of 1st period - Stopped by Matt Hackett with a rebound.
7:43 of 1st period - Blake Pietila is hit by David Wolf and loses puck.
9:42 of 1st period - Sergei Plotnikov is hit by Joe Labate and loses puck.
10:03 of 1st period - Alexei Morozov is hit by Zach Redmond and loses puck.
10:31 of 1st period - Wrist shot by Ladislav Nagy.
10:31 of 1st period - Shot Misses the Net.
11:04 of 1st period - Icing by Blake Pietila.
11:05 of 1st period - Alexandre Grenier wins face-off versus Ryan Nugent-Hopkins in Blackdemons zone.
11:25 of 1st period - Wrist shot by Jamie McGinn.
11:25 of 1st period - Stopped by Matt Hackett with a rebound.
11:41 of 1st period - Wrist shot by Kyle Rau.
11:41 of 1st period - Shot Misses the Net.
11:43 of 1st period - Snap shot by Kyle Rau.
11:43 of 1st period - Shot Misses the Net.
11:47 of 1st period - Slapshot by Ladislav Nagy.
11:47 of 1st period - Shot Blocked by Austin Wuthrich.
12:19 of 1st period - Snap shot by Ryan Nugent-Hopkins.
12:19 of 1st period - Shot Misses the Net.
12:27 of 1st period - Snap shot by Alexandre Grenier.
12:27 of 1st period - Shot Misses the Net.
12:47 of 1st period - Snap shot by Patrice Cormier.
12:47 of 1st period - Deflect By Trevor Lewis.
12:47 of 1st period - Stopped by Devan Dubnyk without a rebound.
12:48 of 1st period - Martin Hanzal wins face-off versus Trevor Lewis in Thunder zone.
12:53 of 1st period - Wrist shot by Martin Hanzal.
12:53 of 1st period - Stopped by Devan Dubnyk without a rebound.
12:54 of 1st period - Ryan Nugent-Hopkins wins face-off versus Martin Hanzal in Thunder zone.
13:03 of 1st period - Wrist shot by Martin Hanzal.
13:03 of 1st period - Shot Misses the Net.
13:05 of 1st period - Snap shot by Alexandre Grenier.
13:05 of 1st period - Stopped by Devan Dubnyk with a rebound.
13:24 of 1st period - Off-side.
13:25 of 1st period - Patrice Cormier wins face-off versus Trevor Lewis in neutral zone.
13:30 of 1st period - Wrist shot by Alexei Morozov.
13:30 of 1st period - Stopped by Devan Dubnyk with a rebound.
14:29 of 1st period - Slapshot by Jamie McGinn.
14:29 of 1st period - Deflect By Dany Roussin.
14:29 of 1st period - Goal by Dany Roussin - Blackdemons : 0 - Thunder : 1.
14:30 of 1st period - Ryan Nugent-Hopkins wins face-off versus Martin Hanzal in neutral zone.
14:35 of 1st period - Wrist shot by Ryan Nugent-Hopkins.
14:35 of 1st period - Goal by Ryan Nugent-Hopkins - Blackdemons : 0 - Thunder : 2.
14:36 of 1st period - Ryan Nugent-Hopkins wins face-off versus Blake Pietila in neutral zone.
14:46 of 1st period - Minor Penalty to Martin Hanzal for Hooking.
14:47 of 1st period - Ryan Nugent-Hopkins wins face-off versus Patrice Cormier in Blackdemons zone.
15:09 of 1st period - Snap shot by Kyle Rau.
15:09 of 1st period - Deflect By Sergei Plotnikov.
15:09 of 1st period - Shot Blocked by Zach Redmond.
15:09 of 1st period - Puck is out of play.
15:10 of 1st period - Ladislav Nagy wins face-off versus Trevor Lewis in Thunder zone.
15:58 of 1st period - Jake Muzzin is hit by Sergei Plotnikov and loses puck.
16:46 of 1st period - Penalty to Martin Hanzal is over, Martin Hanzal is back on ice.
17:05 of 1st period - Slapshot by Alexandre Grenier.
17:05 of 1st period - Stopped by Devan Dubnyk with a rebound.
Goals for this period are 0 for Blackdemons vs 2 for Thunder.
Shots for this period are 12 for Blackdemons vs 7 for Thunder.

2nd period


0:01 of 2nd period - Patrice Cormier wins face-off versus Scott Parse in neutral zone.
0:04 of 2nd period - Snap shot by Patrice Cormier.
0:04 of 2nd period - Shot Misses the Net.
0:06 of 2nd period - Backhand shot by Roman Josi.
0:06 of 2nd period - Shot Blocked by Zach Redmond.
0:16 of 2nd period - Wrist shot by Alexei Morozov.
0:16 of 2nd period - Shot Misses the Net.
0:26 of 2nd period - Martin Hanzal is hit by Dany Roussin and loses puck.
0:50 of 2nd period - Snap shot by Ladislav Nagy.
0:50 of 2nd period - Deflect By Kyle Rau.
0:50 of 2nd period - Stopped by Devan Dubnyk with a rebound.
1:08 of 2nd period - Wrist shot by Dany Roussin.
1:08 of 2nd period - Stopped by Matt Hackett without a rebound.
1:09 of 2nd period - Patrice Cormier wins face-off versus Zach Stepan in Blackdemons zone.
1:37 of 2nd period - Wrist shot by Scott Parse.
1:37 of 2nd period - Shot Misses the Net.
1:53 of 2nd period - Wrist shot by Sergei Plotnikov.
1:53 of 2nd period - Shot Blocked by Adam Clendening.
2:13 of 2nd period - Wrist shot by Joe Labate.
2:13 of 2nd period - Stopped by Matt Hackett with a rebound.
2:37 of 2nd period - Icing by Robbie Russo.
2:38 of 2nd period - Nikolay Prokhorkin wins face-off versus Kyle Rau in Blackdemons zone.
2:41 of 2nd period - Snap shot by Thomas Spelling.
2:41 of 2nd period - Deflect By Ryan Nugent-Hopkins.
2:41 of 2nd period - Shot Misses the Net.
2:41 of 2nd period - Puck is out of play.
2:42 of 2nd period - Patrice Cormier wins face-off versus Trevor Lewis in Blackdemons zone.
2:47 of 2nd period - Austin Wuthrich is hit by Keaton Ellerby and loses puck.
3:08 of 2nd period - Thomas Spelling is hit by Blake Pietila and loses puck.
3:56 of 2nd period - Wrist shot by Trevor Lewis.
3:56 of 2nd period - Stopped by Matt Hackett without a rebound.
3:57 of 2nd period - Kyle Rau wins face-off versus Trevor Lewis in Blackdemons zone.
4:02 of 2nd period - Snap shot by Dany Roussin.
4:02 of 2nd period - Stopped by Matt Hackett with a rebound.
4:04 of 2nd period - Snap shot by Trevor Lewis.
4:04 of 2nd period - Deflect By Kyle Rau.
4:04 of 2nd period - Shot Misses the Net.
4:04 of 2nd period - Puck is out of play.
4:05 of 2nd period - Trevor Lewis wins face-off versus Patrice Cormier in Blackdemons zone.
4:18 of 2nd period - Slapshot by Patrice Cormier.
4:18 of 2nd period - Deflect By Alexei Morozov.
4:18 of 2nd period - Shot Blocked by Austin Wuthrich.
4:18 of 2nd period - Puck is out of play.
4:19 of 2nd period - Ryan Nugent-Hopkins wins face-off versus Martin Hanzal in Thunder zone.
4:34 of 2nd period - Slapshot by Ryan Nugent-Hopkins.
4:34 of 2nd period - Shot Misses the Net.
4:44 of 2nd period - Dany Roussin is hit by Alexei Morozov and loses puck.
4:51 of 2nd period - Wrist shot by Trevor Lewis.
4:51 of 2nd period - Goal by Trevor Lewis - Blackdemons : 0 - Thunder : 3.
4:52 of 2nd period - Ryan Nugent-Hopkins wins face-off versus Martin Hanzal in neutral zone.
5:03 of 2nd period - Zach Redmond is hit by Martin Hanzal and loses puck.
5:30 of 2nd period - Icing by Keaton Ellerby.
5:31 of 2nd period - Kyle Rau wins face-off versus Trevor Lewis in Blackdemons zone.
5:56 of 2nd period - Kyle Rau is hit by Morgan Rielly and loses puck.
6:29 of 2nd period - Backhand shot by Ladislav Nagy.
6:29 of 2nd period - Stopped by Devan Dubnyk without a rebound.
6:30 of 2nd period - Patrice Cormier wins face-off versus Trevor Lewis in Thunder zone.
6:37 of 2nd period - Slapshot by Patrice Cormier.
6:37 of 2nd period - Shot Misses the Net.
6:52 of 2nd period - Off-side.
6:53 of 2nd period - Ryan Nugent-Hopkins wins face-off versus Martin Hanzal in neutral zone.
7:38 of 2nd period - Snap shot by David Wolf.
7:38 of 2nd period - Deflect By Scott Parse.
7:38 of 2nd period - Shot Blocked by Max Friberg.
7:38 of 2nd period - Puck is out of play.
7:39 of 2nd period - Scott Timmins wins face-off versus Joe Labate in Blackdemons zone.
8:13 of 2nd period - Snap shot by Max Friberg.
8:13 of 2nd period - Shot Blocked by Zach Stepan.
8:15 of 2nd period - Snap shot by Keaton Ellerby.
8:15 of 2nd period - Shot Blocked by Zach Redmond.
8:17 of 2nd period - Slapshot by Max Friberg.
8:17 of 2nd period - Shot Blocked by Jamie McGinn.
8:19 of 2nd period - Wrist shot by Sergei Plotnikov.
8:19 of 2nd period - Shot Misses the Net.
8:51 of 2nd period - Slapshot by Sergei Plotnikov.
8:51 of 2nd period - Shot Misses the Net.
8:53 of 2nd period - Snap shot by Max Friberg.
8:53 of 2nd period - Stopped by Devan Dubnyk without a rebound.
8:54 of 2nd period - Ryan Nugent-Hopkins wins face-off versus Martin Hanzal in Thunder zone.
9:07 of 2nd period - Slapshot by Thomas Spelling.
9:07 of 2nd period - Stopped by Matt Hackett without a rebound.
9:08 of 2nd period - Patrice Cormier wins face-off versus Ryan Nugent-Hopkins in Blackdemons zone.
9:17 of 2nd period - Wrist shot by Alexei Morozov.
9:17 of 2nd period - Stopped by Devan Dubnyk with a rebound.
10:58 of 2nd period - Off-side.
10:59 of 2nd period - Joe Labate wins face-off versus Patrice Cormier in neutral zone.
11:33 of 2nd period - Wrist shot by Scott Timmins.
11:33 of 2nd period - Goal by Scott Timmins - Blackdemons : 1 - Thunder : 3.
11:34 of 2nd period - Ryan Nugent-Hopkins wins face-off versus Blake Pietila in neutral zone.
11:37 of 2nd period - Slapshot by Zach Redmond.
11:37 of 2nd period - Deflect By Thomas Spelling.
11:37 of 2nd period - Stopped by Matt Hackett with a rebound.
12:06 of 2nd period - Snap shot by Dany Roussin.
12:06 of 2nd period - Shot Blocked by Zachary Sanford.
12:08 of 2nd period - Snap shot by Dany Roussin.
12:08 of 2nd period - Deflect By Austin Wuthrich.
12:08 of 2nd period - Shot Misses the Net.
12:08 of 2nd period - Puck is out of play.
12:09 of 2nd period - Ryan Nugent-Hopkins wins face-off versus Martin Hanzal in Blackdemons zone.
12:26 of 2nd period - Ryan Nugent-Hopkins is hit by Martin Hanzal and loses puck.
12:48 of 2nd period - Off-side.
12:49 of 2nd period - Patrice Cormier wins face-off versus Joe Labate in neutral zone.
13:14 of 2nd period - Martin Hanzal is hit by Zach Redmond and loses puck.
13:23 of 2nd period - Wrist shot by Trevor Lewis.
13:23 of 2nd period - Stopped by Matt Hackett with a rebound.
13:25 of 2nd period - Slapshot by Adam Clendening.
13:25 of 2nd period - Deflect By Austin Wuthrich.
13:25 of 2nd period - Shot Blocked by Roman Josi.
13:25 of 2nd period - Puck is out of play.
13:26 of 2nd period - Patrice Cormier wins face-off versus Ryan Nugent-Hopkins in Blackdemons zone.
13:37 of 2nd period - Slapshot by Alexei Morozov.
13:37 of 2nd period - Shot Misses the Net.
13:50 of 2nd period - Minor Penalty to Zachary Sanford for Slashing.
13:51 of 2nd period - Patrice Cormier wins face-off versus Ryan Nugent-Hopkins in Blackdemons zone.
14:07 of 2nd period - Slapshot by Scott Parse.
14:07 of 2nd period - Shot Misses the Net.
15:50 of 2nd period - Penalty to Zachary Sanford is over, Zachary Sanford is back on ice.
15:52 of 2nd period - Yannick Weber is hit by David Wolf and loses puck.
15:59 of 2nd period - David Wolf is hit by Brett Kulak and loses puck.
16:12 of 2nd period - Wrist shot by Alexei Morozov.
16:12 of 2nd period - Shot Misses the Net.
16:14 of 2nd period - Slapshot by Brett Kulak.
16:14 of 2nd period - Stopped by Devan Dubnyk without a rebound.
16:15 of 2nd period - Scott Timmins wins face-off versus Scott Parse in Thunder zone.
16:22 of 2nd period - Wrist shot by Scott Timmins.
16:22 of 2nd period - Stopped by Devan Dubnyk with a rebound.
16:24 of 2nd period - Slapshot by Roman Josi.
16:24 of 2nd period - Shot Misses the Net.
16:28 of 2nd period - Snap shot by Scott Timmins.
16:28 of 2nd period - Stopped by Devan Dubnyk without a rebound.
16:29 of 2nd period - Trevor Lewis wins face-off versus Martin Hanzal in Thunder zone.
16:29 of 2nd period - Trevor Lewis is hit by Martin Hanzal.
16:54 of 2nd period - Ryan Nugent-Hopkins is hit by Keaton Ellerby and loses puck.
17:00 of 2nd period - Off-side.
17:01 of 2nd period - Trevor Lewis wins face-off versus Patrice Cormier in neutral zone.
17:49 of 2nd period - Snap shot by Patrice Cormier.
17:49 of 2nd period - Stopped by Devan Dubnyk with a rebound.
17:51 of 2nd period - Wrist shot by Patrice Cormier.
17:51 of 2nd period - Deflect By Alexei Morozov.
17:51 of 2nd period - Shot Misses the Net.
17:51 of 2nd period - Puck is out of play.
17:52 of 2nd period - Trevor Lewis wins face-off versus Martin Hanzal in Thunder zone.
18:08 of 2nd period - Off-side.
18:09 of 2nd period - Kyle Rau wins face-off versus Joe Labate in neutral zone.
18:49 of 2nd period - Off-side.
18:50 of 2nd period - Patrice Cormier wins face-off versus Ryan Nugent-Hopkins in neutral zone.
19:16 of 2nd period - Minor Penalty to Austin Wuthrich for Holding.
19:17 of 2nd period - Alexei Morozov wins face-off versus Scott Parse in Thunder zone.
Goals for this period are 1 for Blackdemons vs 1 for Thunder.
Shots for this period are 9 for Blackdemons vs 8 for Thunder.

3rd period


0:01 of 3rd period - Scott Parse wins face-off versus Patrice Cormier in neutral zone.
0:37 of 3rd period - Dany Roussin is hit by Hudson Fasching and loses puck.
1:16 of 3rd period - Penalty to Austin Wuthrich is over, Austin Wuthrich is back on ice.
2:06 of 3rd period - David Wolf is hit by Martin Hanzal and loses puck.
2:43 of 3rd period - Wrist shot by Ladislav Nagy.
2:43 of 3rd period - Shot Blocked by Peter Andersson.
3:15 of 3rd period - Max Friberg is hit by Ryan Nugent-Hopkins and loses puck.
3:48 of 3rd period - Keaton Ellerby is hit by Ryan Nugent-Hopkins and loses puck.
3:59 of 3rd period - Slapshot by Roman Josi.
3:59 of 3rd period - Stopped by Devan Dubnyk with a rebound.
4:01 of 3rd period - Wrist shot by Roman Josi.
4:01 of 3rd period - Deflect By Trevor Lewis.
4:01 of 3rd period - Stopped by Devan Dubnyk with a rebound.
4:03 of 3rd period - Wrist shot by Kyle Rau.
4:03 of 3rd period - Shot Hit the Post.
4:17 of 3rd period - Snap shot by Scott Timmins.
4:17 of 3rd period - Shot Misses the Net.
4:36 of 3rd period - Jake Muzzin is hit by Zachary Sanford.
4:46 of 3rd period - Alexandre Grenier is hit by Zach Redmond and loses puck.
5:29 of 3rd period - Dany Roussin is hit by Alexei Morozov and loses puck.
6:08 of 3rd period - David Wolf is hit by Keaton Ellerby and loses puck.
6:25 of 3rd period - Slapshot by Sergei Plotnikov.
6:25 of 3rd period - Stopped by Devan Dubnyk without a rebound.
6:26 of 3rd period - Scott Timmins wins face-off versus Trevor Lewis in Thunder zone.
6:31 of 3rd period - Wrist shot by Scott Timmins.
6:31 of 3rd period - Stopped by Devan Dubnyk with a rebound.
6:45 of 3rd period - Austin Wuthrich is hit by Max Friberg.
6:53 of 3rd period - Sergei Plotnikov is hit by Austin Wuthrich and loses puck.
7:12 of 3rd period - Slapshot by Zach Redmond.
7:12 of 3rd period - Shot Blocked by Yannick Weber.
7:18 of 3rd period - Snap shot by Trevor Lewis.
7:18 of 3rd period - Shot Misses the Net.
7:52 of 3rd period - Slapshot by Scott Timmins.
7:52 of 3rd period - Stopped by Devan Dubnyk without a rebound.
7:53 of 3rd period - Martin Hanzal wins face-off versus Ryan Nugent-Hopkins in Thunder zone.
8:00 of 3rd period - Wrist shot by Blake Pietila.
8:00 of 3rd period - Shot Misses the Net.
8:02 of 3rd period - Snap shot by Martin Hanzal.
8:02 of 3rd period - Shot Misses the Net.
8:04 of 3rd period - Snap shot by Blake Pietila.
8:04 of 3rd period - Stopped by Devan Dubnyk without a rebound.
8:05 of 3rd period - Martin Hanzal wins face-off versus Ryan Nugent-Hopkins in Thunder zone.
8:08 of 3rd period - Backhand shot by Martin Hanzal.
8:08 of 3rd period - Stopped by Devan Dubnyk with a rebound.
8:10 of 3rd period - Wrist shot by Alexandre Grenier.
8:10 of 3rd period - Deflect By Martin Hanzal.
8:10 of 3rd period - Shot Blocked by Zach Redmond.
8:10 of 3rd period - Puck is out of play.
8:11 of 3rd period - Ryan Nugent-Hopkins wins face-off versus Alexandre Grenier in Thunder zone.
8:11 of 3rd period - Ryan Nugent-Hopkins is hit by Martin Hanzal.
8:19 of 3rd period - Wrist shot by Ryan Nugent-Hopkins.
8:19 of 3rd period - Deflect By Thomas Spelling.
8:19 of 3rd period - Shot Misses the Net.
8:19 of 3rd period - Puck is out of play.
8:20 of 3rd period - Ryan Nugent-Hopkins wins face-off versus Martin Hanzal in Blackdemons zone.
8:25 of 3rd period - Snap shot by Ryan Nugent-Hopkins.
8:25 of 3rd period - Shot Misses the Net.
8:27 of 3rd period - Snap shot by Morgan Rielly.
8:27 of 3rd period - Stopped by Matt Hackett without a rebound.
8:28 of 3rd period - Martin Hanzal wins face-off versus Ryan Nugent-Hopkins in Blackdemons zone.
8:35 of 3rd period - Wrist shot by Scott Parse.
8:35 of 3rd period - Shot Misses the Net.
8:37 of 3rd period - Snap shot by Ryan Nugent-Hopkins.
8:37 of 3rd period - Stopped by Matt Hackett without a rebound.
8:38 of 3rd period - Martin Hanzal wins face-off versus Ryan Nugent-Hopkins in Blackdemons zone.
8:38 of 3rd period - Martin Hanzal is hit by Thomas Spelling.
8:52 of 3rd period - Slapshot by Alexandre Grenier.
8:52 of 3rd period - Stopped by Devan Dubnyk without a rebound.
8:53 of 3rd period - Patrice Cormier wins face-off versus Trevor Lewis in Thunder zone.
9:43 of 3rd period - Snap shot by Kyle Rau.
9:43 of 3rd period - Shot Misses the Net.
9:45 of 3rd period - Slapshot by Robbie Russo.
9:45 of 3rd period - Deflect By Hudson Fasching.
9:45 of 3rd period - Stopped by Devan Dubnyk with a rebound.
9:47 of 3rd period - Slapshot by Brett Kulak.
9:47 of 3rd period - Stopped by Devan Dubnyk with a rebound.
10:01 of 3rd period - Wrist shot by David Wolf.
10:01 of 3rd period - Shot Blocked by Brett Kulak.
10:03 of 3rd period - Slapshot by David Wolf.
10:03 of 3rd period - Shot Misses the Net.
10:05 of 3rd period - Wrist shot by Joe Labate.
10:05 of 3rd period - Stopped by Matt Hackett without a rebound.
10:06 of 3rd period - Joe Labate wins face-off versus Martin Hanzal in Blackdemons zone.
10:20 of 3rd period - Off-side.
10:21 of 3rd period - Patrice Cormier wins face-off versus Trevor Lewis in neutral zone.
10:36 of 3rd period - Slapshot by Zachary Sanford.
10:36 of 3rd period - Stopped by Devan Dubnyk without a rebound.
10:37 of 3rd period - Martin Hanzal wins face-off versus Ryan Nugent-Hopkins in Thunder zone.
10:40 of 3rd period - Slapshot by Blake Pietila.
10:40 of 3rd period - Stopped by Devan Dubnyk without a rebound.
10:41 of 3rd period - Ryan Nugent-Hopkins wins face-off versus Martin Hanzal in Thunder zone.
10:46 of 3rd period - Snap shot by Ryan Nugent-Hopkins.
10:46 of 3rd period - Stopped by Matt Hackett with a rebound.
10:48 of 3rd period - Slapshot by Jake Muzzin.
10:48 of 3rd period - Stopped by Matt Hackett without a rebound.
10:49 of 3rd period - Martin Hanzal wins face-off versus Thomas Spelling in Blackdemons zone.
10:51 of 3rd period - Alexandre Grenier is hit by Morgan Rielly and loses puck.
11:21 of 3rd period - Slapshot by Patrice Cormier.
11:21 of 3rd period - Shot Misses the Net.
12:23 of 3rd period - Wrist shot by Patrice Cormier.
12:23 of 3rd period - Shot Misses the Net.
12:34 of 3rd period - Icing by Jake Muzzin.
12:35 of 3rd period - Trevor Lewis wins face-off versus Scott Timmins in Thunder zone.
12:41 of 3rd period - Minor Penalty to Keaton Ellerby for Holding.
12:42 of 3rd period - Trevor Lewis wins face-off versus Patrice Cormier in Blackdemons zone.
12:56 of 3rd period - Kyle Rau is hit by Dany Roussin and loses puck.
14:11 of 3rd period - Nikolay Prokhorkin is hit by Kyle Rau and loses puck.
14:41 of 3rd period - Penalty to Keaton Ellerby is over, Keaton Ellerby is back on ice.
15:46 of 3rd period - Minor Penalty to Robbie Russo for Hooking.
15:47 of 3rd period - Kyle Rau wins face-off versus Ryan Nugent-Hopkins in Blackdemons zone.
16:18 of 3rd period - Charles-Olivier Roussel is hit by Ryan Nugent-Hopkins and loses puck.
16:37 of 3rd period - Wrist shot by Patrice Cormier.
16:37 of 3rd period - Stopped by Devan Dubnyk without a rebound.
16:38 of 3rd period - Patrice Cormier wins face-off versus Trevor Lewis in Thunder zone.
16:43 of 3rd period - Slapshot by Patrice Cormier.
16:43 of 3rd period - Shot Blocked by Austin Wuthrich.
17:46 of 3rd period - Penalty to Robbie Russo is over, Robbie Russo is back on ice.
17:56 of 3rd period - Snap shot by Sergei Plotnikov.
17:56 of 3rd period - Stopped by Devan Dubnyk without a rebound.
17:57 of 3rd period - Martin Hanzal wins face-off versus Trevor Lewis in Thunder zone.
18:05 of 3rd period - Icing by Nikolay Prokhorkin.
18:06 of 3rd period - Martin Hanzal wins face-off versus Nikolay Prokhorkin in Thunder zone.
18:43 of 3rd period - Wrist shot by Ladislav Nagy.
18:43 of 3rd period - Shot Blocked by Trevor Lewis.
18:45 of 3rd period - Wrist shot by Hudson Fasching.
18:45 of 3rd period - Shot Misses the Net.
18:49 of 3rd period - Snap shot by Ladislav Nagy.
18:49 of 3rd period - Shot Misses the Net.
18:53 of 3rd period - Wrist shot by Kyle Rau.
18:53 of 3rd period - Shot Misses the Net.
18:55 of 3rd period - Slapshot by Robbie Russo.
18:55 of 3rd period - Shot Blocked by Morgan Rielly.
19:13 of 3rd period - Backhand shot by Keaton Ellerby.
19:13 of 3rd period - Shot Blocked by Morgan Rielly.
Goals for this period are 0 for Blackdemons vs 0 for Thunder.
Shots for this period are 14 for Blackdemons vs 5 for Thunder.